 Dungeon Crawl Stone Soup version 0.19.5 (webtiles) character file.

35 greprep the Firebug (level 3, -1/19 HPs)
             Began as a Deep Elf Fire Elementalist on May 3, 2017.
             Slain by a jackal (3 damage)
             ... on level 1 of the Dungeon.
             The game lasted 00:03:53 (1167 turns).

greprep the Firebug (Deep Elf Fire Elementalist)    Turns: 1167, Time: 00:03:53

Health: -1/19      AC:  2    Str:  5    XL:     3   Next: 16%
Magic:  3/9        EV: 13    Int: 20    God:
Gold:   47         SH:  0    Dex: 15    Spells: 2 memorised, 5 levels left

rFire  . . .     SeeInvis .     k - +0 short sword
rCold  . . .     Gourm    .     a - +0 robe
rNeg   . . .     Faith    .     (no shield)
rPois  .         Spirit   .     (no helmet)
rElec  .         Reflect  .     (no cloak)
rCorr  .         Harm     .     (no gloves)
MR     .....                    (no boots)
Stlth  ++........               (no amulet)
                                (no ring)
                                (no ring)

@: no status effects
A: no striking features
a: no special abilities


You were on level 1 of the Dungeon.
You were not hungry.

You visited 1 branch of the dungeon, and saw 1 of its levels.

You collected 47 gold pieces.

Inventory:

Hand Weapons
 k - a +0 short sword (weapon)
Armour
 a - a +0 robe (worn)
Scrolls
 e - 3 scrolls of identify {unknown}
 g - a scroll of teleportation {unknown}
 h - a scroll of immolation {unknown}
 i - a scroll of amnesia {unknown}
 j - a scroll of blinking {unknown}
Potions
 f - 4 potions of curing {unknown}
 l - a potion of berserk rage {unknown}
Books
 b - a book of Flames

   Spells                             Type                      Level
   a - Flame Tongue                   Conjuration/Fire             1
   b - Throw Flame                    Conjuration/Fire             2
   c - Conjure Flame                  Conjuration/Fire             3
   d - Inner Flame                    Hexes/Fire                   3
   e - Sticky Flame                   Conjuration/Fire             4
   f - Fireball                       Conjuration/Fire             5
Comestibles
 c - a bread ration
 d - 2 meat rations


   Skills:
 * Level 0.4 Short Blades
 + Level 3.0 Dodging
 + Level 2.8 Stealth
 + Level 3.2 Spellcasting
 + Level 1.3 Conjurations
 + Level 3.8 Fire Magic


You had 5 spell levels left.
You knew the following spells:

 Your Spells              Type           Power        Failure   Level  Hunger
a - Flame Tongue          Conj/Fire      ##...        6%          1    None
b - Throw Flame           Conj/Fire      ##....       10%         2    ##.....


Dungeon Overview and Level Annotations

Branches:
Dungeon (1/15)

Altars:


Message History

You hit the ooze.
You kill the ooze!
Your Dodging skill increases to level 3!
The jackal bites you.
You hit the jackal but do no damage. The jackal completely misses you.
You completely miss the jackal. The jackal completely misses you.
The jackal bites you.
* * * LOW HITPOINT WARNING * * *
The jackal closely misses you. The jackal bites you.
* * * LOW HITPOINT WARNING * * *
The jackal bites you.
* * * LOW HITPOINT WARNING * * *
The jackal closely misses you.
There is a fountain of clear blue water here.
There is an open door here.
The jackal barely misses you. The jackal completely misses you.
The jackal bites you.
You die...

##..# #..# ##.## #.....#####.#..#
#..## ##.# #..# #####.......##.#
#.## #.# ##.## ####.########.#
#.# #.# #..###....########.# #.#
#.# ##.....####.....##.. #.# #(#
##.#### ##.##..... #.# #.#
#.########...(..#. #.# #.#
#................. #.# #.#
#@###############. #.# #.#
#h#.........(...#. #.# #.#
#.#.....w.......#. #.# #.#
#s#...JJ........#. #.##
###.#######.#######r#######.
...###........##J#...s.........#.
##.##...........s'⌠....###....⌠'.
##.........>..##.#......<......#.
.......#.........#..⌠...>...⌠..#.


You could see an ooze, a jackal and 2 giant cockroaches.

Vanquished Creatures
  2 oozes (D:1)
  2 dart slugs (D:1)
  3 giant cockroaches (D:1)
  3 goblins (D:1)
  2 hobgoblins (D:1)
  3 jackals (D:1)
  2 kobolds (D:1)
  2 rats (D:1)
19 creatures vanquished.

Notes
Turn   | Place    | Note
-------+----------+-------------------------------------------
     0 | D:1      | greprep the Deep Elf Fire Elementalist began the quest for the Orb.
     0 | D:1      | Reached XP level 1. HP: 10/10 MP: 6/6
     1 | D:1      | Found a runed door.
   489 | D:1      | Reached XP level 2. HP: 4/15 MP: 0/8
   851 | D:1      | Learned a level 2 spell: Throw Flame
  1146 | D:1      | Reached XP level 3. HP: 9/19 MP: 2/9
  1167 | D:1      | Slain by a jackal

Skill      XL: |  1  2  3 |
---------------+----------+-----
Dodging        | 3 |  3.0
Short Blades   | |  0.4
Stealth        | |  2.8
Spellcasting   | |  3.2
Conjurations   | |  1.3
Fire Magic     | |  3.8

Action                   || total
-------------------------++-------
Melee: Unarmed           ||     1
       Short sword       ||    19
 Cast: Flame Tongue      ||    30
       Throw Flame       ||     6
  Eat: Bread ration      ||     1
Armor: Robe              ||     3
Dodge: Dodged            ||    31
